Map: Deathaura LE

Players

Zoun - Winner!

  • Race: Protoss Protoss
  • Spawn Location: 11:00

soul

  • Race: Terran Terran
  • Spawn Location: 5:00

Event: StayAtHome Story Cup #3

VOD

Have the link to the VOD?

Description

Time

  • Played on: March 13, 2021, 11:55 a.m.
  • Length: 18:16

All games in this series

Show
View Real Time Build Order
Export as new Build Order

Zoun Protoss - Winner!

Build Orders: 1 Gate Expand, Carriers 

Get SALT Encoding   

  12  0:00  Probe  
  13  0:12  Probe  
  14  0:17  Pylon  
  14  0:24  Probe (Chrono Boost)  
  15  0:37  Probe (Chrono Boost), Gateway  
  16  0:43  Probe (Chrono Boost)  
  16  0:46  Assimilator  
  17  0:51  Probe  
  18  1:03  Probe  
  19  1:15  Probe  
  20  1:24  Cybernetics Core  
  20  1:32  Nexus  
  20  1:34  Probe  
  21  1:42  Pylon  
  21  1:47  Probe  
  22  1:53  Assimilator  
  22  1:58  Adept (Chrono Boost)  
  22  1:59  Probe  
  25  2:01  Warp Gate (Chrono Boost)  
  25  2:11  Probe  
  26  2:20  Adept  
  26  2:21  Pylon  
  28  2:27  Probe  
  29  2:39  Probe  
  30  2:44  Gateway  
  30  2:50  Adept  
  32  2:52  Probe (Chrono Boost)  
  32  2:57  Probe (Chrono Boost)  
  34  3:01  Probe (Chrono Boost)  
  34  3:03  Gateway  
  34  3:05  Probe (Chrono Boost)  
  36  3:06  Probe (Chrono Boost)  
  37  3:16  Probe  
  37  3:18  Probe  
  39  3:28  Probe  
  39  3:30  Probe  
  39  3:32  Twilight Council  
  41  3:36  Shield Battery  
  41  3:40  Probe  
  42  3:43  Stalker x2  
  42  3:44  Probe  
  47  3:52  Probe  
  47  3:53  Pylon  
  48  3:58  Stalker  
  50  4:04  Blink (Chrono Boost)  
  50  4:07  Adept x2  
  54  4:11  Robotics Facility  
  54  4:13  Probe  
  54  4:15  Pylon  
  54  4:16  Probe  
  56  4:19  Assimilator  
  56  4:25  Probe  
  56  4:28  Probe  
  56  4:37  Probe  
  57  4:40  Probe  
  58  4:46  Nexus  
  58  4:49  Pylon  
  58  4:50  Probe  
  58  4:51  Assimilator  
  58  4:52  Probe  
  60  4:55  Pylon  
  60  4:59  Observer  
  61  5:01  Robotics Bay  
  61  5:02  Probe  
  61  5:04  Probe  
  61  5:07  Forge  
  63  5:14  Probe  
  64  5:15  Shield Battery  
  64  5:16  Probe  
  64  5:17  Sentry  
  64  5:20  Observer  
  68  5:26  Probe  
  69  5:28  Probe  
  69  5:31  Gateway  
  69  5:34  Gateway  
  68  5:38  Probe  
  68  5:39  Pylon, Stalker x2  
  68  5:40  Protoss Ground Weapons Level 1  
  68  5:41  Probe  
  71  5:45  Observer (Chrono Boost)  
  71  5:48  Extended Thermal Lance  
  72  5:50  Probe  
  72  5:54  Observer  
  74  5:57  Probe  
  74  6:02  Probe  
  75  6:05  Probe  
  75  6:10  Probe  
  75  6:12  Colossus (Chrono Boost)  
  75  6:14  Probe  
  78  6:19  Stalker  
  78  6:20  Stalker  
  78  6:25  Charge, Gateway  
  80  6:26  Probe  
  80  6:27  Gateway  
  81  6:38  Shield Battery  
  81  6:39  Photon Cannon  
  81  6:41  Probe x2  
  78  6:51  Probe, Colossus  
  78  6:53  Probe x2  
  81  6:55  Stalker x3  
  87  7:04  Probe (Chrono Boost)  
  87  7:05  Probe x2 (Chrono Boost)  
  96  7:09  Observer  
  96  7:14  Pylon  
  96  7:16  Probe (Chrono Boost)  
  96  7:18  Probe x2 (Chrono Boost)  
  99  7:24  Gateway x2  
  99  7:27  Templar Archives, Probe x2 (Chrono Boost)  
  99  7:28  Pylon  
  101  7:30  Assimilator  
  101  7:36  Stalker x2  
  105  7:40  Probe x3  
  105  7:41  Assimilator  
  108  7:47  Pylon  
  108  7:48  Pylon  
  108  7:53  Nexus  
  108  7:56  Probe, Pylon  
  109  7:59  Probe x2  
  109  8:02  Protoss Ground Weapons Level 2 (Chrono Boost)  
  111  8:10  Forge  
  111  8:12  Robotics Facility  
  111  8:18  Observer, Shield Battery  
  111  8:19  Sentry  
  113  8:20  Sentry  
  113  8:24  Pylon  
  115  8:27  Gateway x2  
  115  8:34  Probe x3  
  117  8:37  Photon Cannon  
  118  8:41  Warp Prism (Chrono Boost)  
  118  8:43  Protoss Ground Armor Level 1 (Chrono Boost)  
  118  8:47  Probe x2  
  122  8:48  Observer  
  122  8:58  Probe  
  122  8:59  Probe  
  124  9:04  Disruptor (Chrono Boost)  
  124  9:06  Observer  
  127  9:10  Disruptor (Chrono Boost)  
  127  9:11  Nexus  
  127  9:12  Pylon  
  130  9:17  Gateway  
  130  9:19  Gateway, Zealot  
  132  9:24  Pylon  
  132  9:25  Photon Cannon  
  132  9:34  Disruptor (Chrono Boost)  
  132  9:35  Observer, Zealot x7  
  132  9:37  Disruptor (Chrono Boost)  
  150  9:50  Photon Cannon  
  150  9:52  Photon Cannon  
  150  9:53  Probe  
  150  9:54  Photon Cannon, Shield Battery  
  150  9:59  Probe x3  
  154  10:04  Photon Cannon  
  154  10:05  Photon Cannon  
  154  10:06  Probe, Disruptor (Chrono Boost)  
  158  10:08  Dark Shrine  
  158  10:10  High Templar x4  
  158  10:11  Disruptor (Chrono Boost), Protoss Ground Weapons Level 3 (Chrono Boost)  
  169  10:15  Archon  
  169  10:16  Archon  
  169  10:25  Pylon  
  169  10:29  Protoss Ground Armor Level 2 (Chrono Boost)  
  169  10:38  Disruptor (Chrono Boost)  
  170  10:43  Zealot x9  
  170  10:44  Zealot x3  
  170  10:47  Photon Cannon  
  170  10:49  Photon Cannon, Assimilator x2  
  194  10:55  Pylon  
  195  10:57  Observer  
  195  11:08  Observer  
  196  11:14  Stargate  
  196  11:17  Shadow Stride (Chrono Boost)  
  196  11:38  Observer  
  196  11:41  Gateway  
  196  11:42  Gateway  
  196  11:44  Gateway  
  196  11:46  Gateway, Nexus  
  196  11:49  Pylon  
  196  11:54  Pylon, Protoss Air Weapons Level 1 (Chrono Boost)  
  196  11:55  Psionic Storm, Assimilator x2  
  196  11:56  Shield Battery  
  196  11:57  Pylon  
  196  12:03  Fleet Beacon  
  196  12:05  Stargate, Cybernetics Core  
  196  12:06  Stargate  
  196  12:08  Stargate  
  196  12:10  Photon Cannon  
  196  12:12  Photon Cannon  
  196  12:17  Warp Prism  
  196  12:23  Robotics Facility  
  196  12:26  Pylon  
  196  12:37  Photon Cannon  
  196  12:39  Photon Cannon, Protoss Ground Armor Level 3 (Chrono Boost)  
  196  12:41  Photon Cannon  
  196  12:43  Shield Battery x2  
  196  12:49  Protoss Shields Level 1 (Chrono Boost)  
  196  12:56  Stalker x2  
  200  12:58  Observer  
  200  12:59  Protoss Air Armor Level 1 (Chrono Boost)  
  198  13:17  Stalker  
  200  13:22  Observer  
  196  13:39  Carrier (Chrono Boost)  
  196  13:40  Carrier (Chrono Boost)  
  196  13:52  Carrier (Chrono Boost)  
  194  14:12  Carrier  
  179  14:31  Dark Templar  
  179  14:32  Dark Templar x8  
  179  14:33  Dark Templar  
  199  14:51  Protoss Air Armor Level 2 (Chrono Boost)  
  196  14:57  Protoss Air Weapons Level 2 (Chrono Boost)  
  196  15:03  Observer  
  196  15:13  Protoss Shields Level 2 (Chrono Boost)  
  194  15:16  Carrier (Chrono Boost)  
  194  15:21  Assimilator  
  198  15:22  Assimilator  
  198  15:26  Observer  
  183  15:35  Dark Templar x3  
  183  15:36  Dark Templar x4  
  183  15:37  Observer  
  197  15:44  Photon Cannon  
  196  16:15  Stalker x2  
  191  16:38  Disruptor x2  
  186  16:42  Stalker x3  
  186  16:43  Stalker x5  
  200  16:59  Observer  
  193  17:09  Carrier  
  199  17:24  Nexus  
  199  17:27  Nexus  
  193  17:30  Pylon  
  193  17:34  Disruptor  
  197  18:00  Photon Cannon  
  197  18:02  Photon Cannon  
  197  18:03  Photon Cannon  
  197  18:05  Photon Cannon  
  185  18:06  Shield Battery, Stalker x5  
  185  18:07  Shield Battery, Stalker x2  
Show
View Real Time Build Order
Export as new Build Order

soul Terran 

Build Orders:  

Get SALT Encoding   

  12  0:00  SCV  
  13  0:12  SCV  
  14  0:17  Supply Depot  
  14  0:24  SCV  
  15  0:38  SCV  
  15  0:40  Barracks  
  16  0:43  Refinery  
  16  0:50  SCV  
  17  1:02  SCV  
  18  1:15  SCV  
  19  1:26  Marine  
  19  1:27  Orbital Command  
  20  1:43  Command Center  
  20  1:45  Reaper  
  21  1:52  Supply Depot  
  21  1:56  SCV  
  22  2:08  SCV  
  22  2:09  Factory  
  23  2:19  Bunker  
  23  2:21  SCV  
  23  2:22  Barracks Reactor  
  24  2:27  Refinery  
  24  2:33  SCV  
  25  2:45  SCV  
  26  2:54  Hellion  
  26  2:55  Orbital Command  
  26  2:57  Starport  
  28  2:58  SCV  
  28  3:00  Marine  
  28  3:04  Marine  
  31  3:12  SCV  
  32  3:19  Widow Mine  
  34  3:20  Marine  
  34  3:21  SCV  
  34  3:22  Marine  
  34  3:24  SCV  
  37  3:33  SCV  
  38  3:36  SCV  
  38  3:38  Marine  
  38  3:39  Starport Tech Lab  
  38  3:40  Marine  
  41  3:41  Factory Tech Lab  
  41  3:43  Supply Depot  
  41  3:45  SCV  
  41  3:48  SCV  
  43  3:52  Supply Depot  
  43  3:56  Marine  
  43  3:57  SCV  
  43  4:00  SCV  
  44  4:04  Banshee, Siege Tank  
  44  4:09  Supply Depot  
  50  4:10  Cloaking Field  
  50  4:13  SCV  
  50  4:16  SCV, Marine  
  53  4:19  Marine  
  54  4:25  SCV  
  54  4:29  SCV  
  55  4:37  SCV  
  54  4:41  SCV  
  54  4:43  Command Center  
  55  4:47  Banshee  
  55  4:49  SCV  
  59  4:53  SCV  
  59  4:55  Supply Depot  
  59  4:56  Siege Tank  
  59  4:58  Marine  
  64  5:01  SCV  
  64  5:05  SCV  
  64  5:06  Barracks, Marine  
  67  5:13  SCV  
  68  5:15  Barracks  
  68  5:19  Engineering Bay  
  68  5:23  Engineering Bay  
  68  5:25  Refinery x2  
  68  5:26  Marine x2  
  68  5:27  SCV  
  71  5:34  Raven  
  74  5:35  SCV  
  74  5:42  SCV  
  75  5:43  Marine  
  75  5:44  Marine  
  77  5:52  Barracks  
  77  5:53  Barracks  
  77  5:55  SCV  
  78  5:58  Barracks Tech Lab  
  78  6:03  SCV  
  76  6:09  Orbital Command  
  74  6:12  SCV  
  74  6:16  SCV  
  74  6:17  Marauder, Stimpack  
  77  6:25  SCV  
  77  6:26  Marine  
  77  6:28  SCV  
  79  6:36  Marine  
  79  6:37  SCV, Marauder  
  79  6:39  Starport Reactor, Marauder  
  86  6:45  Orbital Command, Marine  
  86  6:47  SCV  
  85  6:51  SCV  
  85  6:54  Marine  
  85  6:58  Barracks Reactor, Barracks Tech Lab  
  85  6:59  SCV  
  87  7:03  SCV  
  88  7:11  SCV  
  88  7:13  SCV, Combat Shield  
  88  7:15  SCV, Marine  
  91  7:16  Marine  
  91  7:20  Supply Depot  
  91  7:21  Supply Depot x2  
  91  7:22  Supply Depot  
  93  7:28  Supply Depot  
  93  7:41  Marine x5  
  93  7:42  SCV x3, Medivac x2  
  105  7:45  Marine  
  105  7:49  Refinery x2  
  106  7:53  Command Center  
  106  7:54  SCV x3  
  111  7:59  Terran Infantry Weapons Level 1, Supply Depot x2  
  111  8:00  Terran Infantry Armor Level 1  
  111  8:02  Armory  
  114  8:06  SCV x3  
  114  8:07  Bunker  
  114  8:09  Marauder x3  
  114  8:10  Marine, Siege Tank  
  120  8:18  SCV x3  
  123  8:22  Medivac x2, Supply Depot  
  123  8:23  Supply Depot  
  123  8:24  Marine x3  
  123  8:26  Concussive Shells  
  130  8:28  Marine  
  130  8:30  SCV x3, Marauder, Marine x2  
  138  8:38  Supply Depot  
  138  8:39  Supply Depot  
  138  8:42  SCV x3, Marine, Siege Tank  
  138  8:45  Supply Depot x2  
  144  8:51  Marauder  
  144  8:52  Marauder, Viking x2  
  144  8:54  SCV x2  
  154  8:59  Marauder  
  156  9:03  Ghost Academy  
  156  9:09  Supply Depot  
  156  9:10  Supply Depot  
  156  9:13  Marauder  
  156  9:22  Viking x2  
  156  9:23  SCV x3  
  167  9:35  SCV x2, Ghost x3  
  168  9:38  Refinery  
  168  9:39  SCV  
  168  9:44  Refinery  
  167  9:45  Terran Vehicle Weapons Level 1  
  167  9:48  SCV  
  167  9:52  Viking  
  169  9:54  Planetary Fortress  
  169  9:55  Missile Turret  
  169  9:57  Marine x2  
  169  9:59  Bunker  
  165  10:03  Command Center  
  165  10:04  Ghost, Missile Turret, Viking  
  165  10:05  Sensor Tower  
  169  10:12  SCV  
  170  10:16  Terran Infantry Weapons Level 2  
  170  10:19  Barracks x2  
  170  10:20  Barracks  
  170  10:24  Terran Infantry Armor Level 2  
  170  10:31  Command Center  
  170  10:33  Viking  
  170  10:34  Viking  
  173  10:37  Supply Depot  
  173  10:42  Sensor Tower  
  173  10:44  Enhanced Shockwaves  
  173  10:56  Starport  
  173  10:58  Command Center  
  173  10:59  Missile Turret  
  173  11:01  Fusion Core  
  173  11:11  Supply Depot  
  173  11:12  Barracks Tech Lab x2, Supply Depot  
  173  11:13  Barracks Tech Lab  
  173  11:14  Command Center  
  173  11:16  Medivac x2  
  177  11:20  Ghost  
  177  11:25  Ghost x2  
  183  11:33  Starport Reactor  
  183  11:39  Command Center  
  183  11:42  Terran Ship Weapons Level 1  
  183  11:47  Orbital Command  
  183  11:50  Advanced Ballistics  
  183  11:51  Liberator  
  186  11:58  Liberator  
  189  12:03  Missile Turret  
  189  12:06  Missile Turret x3  
  189  12:09  Missile Turret  
  189  12:10  Missile Turret  
  189  12:12  Missile Turret  
  189  12:13  Liberator x2  
  195  12:16  Missile Turret  
  195  12:23  Armory  
  195  12:28  Siege Tank  
  188  12:34  Liberator  
  191  12:41  Liberator  
  194  12:45  Orbital Command  
  194  12:49  Terran Infantry Weapons Level 3  
  194  12:52  Orbital Command  
  194  13:00  Terran Infantry Armor Level 3  
  194  13:03  Marauder, Marine  
  197  13:10  Liberator  
  200  13:27  Planetary Fortress  
  200  13:33  Marine  
  200  13:34  Marauder  
  198  13:35  Sensor Tower  
  198  13:36  Missile Turret, Siege Tank  
  198  13:38  Missile Turret  
  198  13:39  Refinery  
  198  13:40  Refinery  
  199  13:43  Terran Ship Weapons Level 2  
  199  13:44  Terran Vehicle And Ship Armor Level 1  
  199  13:51  Liberator  
  199  13:55  Liberator  
  197  14:02  Command Center  
  197  14:07  Orbital Command  
  197  14:08  Liberator  
  190  14:12  Liberator  
  183  14:20  Marine  
  159  14:25  Marauder, Marine  
  159  14:26  Marauder  
  159  14:27  Marauder x4  
  166  14:34  Liberator  
  166  14:36  Marine  
  170  14:40  SCV x5  
  175  14:47  Marauder x2  
  175  14:52  Liberator x2  
  171  14:55  Liberator  
  175  15:11  Command Center  
  175  15:12  SCV x2  
  180  15:38  Marine  
  180  15:39  Marauder x5  
  194  15:53  Viking x4  
  190  15:59  Ghost  
  191  16:14  Command Center  
  191  16:20  Starport  
  191  16:23  Viking x4  
  194  16:26  Orbital Command  
  172  16:40  Marine x5  
  172  16:41  Marine x5  
  182  16:53  Viking x3  
  169  16:56  Viking  
  167  17:01  Ghost x4  
  167  17:03  Marine x3  
  167  17:05  Starport Reactor  
  167  17:07  Marine  
  179  17:11  Bunker  
  179  17:15  Ghost  
  181  17:18  Marauder  
  181  17:21  Marine  
  184  17:28  Marine  
  154  17:31  Marauder x2, Marine  
  154  17:33  Marine  
  154  17:35  Ghost  
  128  17:42  Marine  
  120  17:44  Marine  
Tags
 
Add a new tag
Caveats
  • Supply blocks, unpowered buildings, or Contaminate may cause inaccurate times.
  • Supply counts are checked every 10 seconds.